 Dungeon Crawl Stone Soup version 0.23.0-3-gf3c87f2 (webtiles) character file.

Game seed: 1629392315804355336

90 ferdilos the Sneak (level 4, -2/21 HPs)
             Began as a Spriggan Enchanter on Feb 22, 2019.
             Slain by an ooze (5 damage)
             ... on level 2 of the Dungeon.
             The game lasted 00:11:16 (3798 turns).

ferdilos the Sneak (Spriggan Enchanter)             Turns: 3798, Time: 00:11:17

Health: -2/21      AC:  2    Str:  1    XL:     4   Next: 32%
Magic:  8/9        EV: 15    Int: 17    God:
Gold:   84         SH:  0    Dex: 16    Spells: 2/8 levels left

rFire    . . .     SeeInvis +   a - +1 dagger
rCold    . . .     Gourm    .   (shield restricted)
rNeg     . . .     Faith    .   b - +0 robe
rPois    .         Spirit   .   (helmet restricted)
rElec    .         Reflect  .   (no cloak)
rCorr    .         Harm     .   (gloves unavailable)
MR       .....                  (boots unavailable)
Stlth    +++.......             (no amulet)
HPRegen  0.07/turn              c - -5 ring of evasion (curse)
MPRegen  0.11/turn              i - -3 ring of strength (curse)

@: very slightly contaminated, very quick
A: very small, unfitting armour, see invisible, herbivore, speed 3, slow
metabolism 2
a: no special abilities


You were on level 2 of the Dungeon.
You were near starving.

You visited 1 branch of the dungeon, and saw 2 of its levels.

You collected 84 gold pieces.

Inventory:

Hand Weapons
 a - a +1 dagger (weapon)
Armour
 b - a +0 robe (worn)
 j - a +0 pair of boots
Jewellery
 c - a cursed -5 ring of evasion (left hand)
 e - a +6 ring of slaying
 f - a +6 ring of intelligence {unknown}
 g - a +3 ring of evasion
 i - a cursed -3 ring of strength (right hand)
Potions
 d - a potion of flight {unknown}


   Skills:
 - Level 1.1 Short Blades
 * Level 4.8 Dodging
 * Level 6.1 Stealth
 - Level 2.6 Spellcasting
 + Level 4.2 Hexes


You had 2 spell levels left.
You knew the following spells:

 Your Spells              Type           Power        Failure   Level  Hunger
a - Corona                Hex            ###....      3%          1    #......
b - Ensorcelled Hibernat  Hex/Ice        #.....       12%         2    ##.....
c - Confuse               Hex            ###.....     10%         3    ###....

Your spell library contained the following spells:

 Spells                   Type           Power        Failure   Level  Hunger
 Tukima's Dance           Hex            ###.....     10%         3    ###....
 Dazzling Spray           Conj/Hex       #.....       22%         3    ###....


Dungeon Overview and Level Annotations

Branches:
Dungeon (2/15)

Altars:
Makhleb
Okawaru
Trog


Innate Abilities, Weirdness & Mutations

You are very small and have problems with some larger weapons.
You are too small for most types of armour.
You have supernaturally acute eyesight. (SInv)
You are a herbivore.
You cover ground extremely quickly.
You need to consume almost no food.


Message History

You hit the ooze.
The ooze is severely wounded.
The ooze hits you.
You hit the ooze but do no damage.
The ooze is severely wounded.
You hit the ooze but do no damage.
The ooze is severely wounded.
The ooze closely misses you. The dart slug launches a dart at you.
The slug dart hits you.
* * * LOW HITPOINT WARNING * * *
You hit the ooze but do no damage.
The ooze is severely wounded.
The ooze closely misses you. The dart slug launches a dart at you.
The slug dart misses you.
You hit the ooze but do no damage.
The ooze is severely wounded.
The ooze hits you.
You die...

............#
#...............
.....†...)..#
#......####.....
#####.......# +......#
..+ #.........#
##......# #
#...####'##.#....###.#
#...# #....#+##.# #.#
#...# #......#.# #.#
#...# #.....J#.####
#.# ###...#
#)....@#....# #..
....... ..w..........#
.. .......
.......#.....# ####...
...######........ # ..
#.#...##. # . #.#...#
# #.#...# ### #.......
... ... ....


You could see an ooze and a dart slug.

Vanquished Creatures
  2 adders (D:2)
  2 oozes (D:2)
  5 worms (D:2)
  6 leopard geckos
  3 giant cockroaches
  4 goblins (D:1)
  5 hobgoblins
  2 jackals (D:1)
  4 kobolds (D:2)
  6 bats (D:1)
  A frilled lizard (D:1)
  7 rats
47 creatures vanquished.

Notes
Turn   | Place    | Note
-------+----------+-------------------------------------------
     0 | D:1      | ferdilos the Spriggan Enchanter began the quest for the
                  | Orb.
     0 | D:1      | Reached XP level 1. HP: 9/9 MP: 5/5
   662 | D:1      | Reached XP level 2. HP: 12/13 MP: 4/6
   692 | D:1      | Learned a level 2 spell: Ensorcelled Hibernation
   751 | D:1      | Reached skill level 5 in Stealth
  1218 | D:1      | Reached XP level 3. HP: 16/16 MP: 8/8
  1623 | D:2      | Found an iron altar of Okawaru.
  1675 | D:2      | Noticed a moth of wrath
  1678 | D:2      | Found a bloodstained altar of Trog.
  2220 | D:2      | Learned a level 3 spell: Confuse
  2480 | D:2      | Found a faded altar of an unknown god.
  3086 | D:2      | Reached XP level 4. HP: 2/21 MP: 3/9
  3465 | D:2      | Found a burning altar of Makhleb.
  3533 | D:2      | Reached skill level 6 in Stealth
  3798 | D:2      | Slain by an ooze

Skill      XL: |  1  2  3  4 |
---------------+-------------+-----
Stealth        | 5 6 |  6.1
Dodging        | 4 |  4.8
Hexes          | 4 |  4.2
Short Blades   | |  1.1
Spellcasting   | |  2.6

Action                   |  1- 3 |  4- 6 || total
-------------------------+-------+-------++-------
Melee: Dagger            |   129 |    17 ||   146
 Cast: Corona            |     7 |       ||     7
       Ensorcelled Hiber |    35 |     8 ||    43
       Confuse           |     1 |     1 ||     2
  Use: Scroll            |     3 |       ||     3
 Stab: Sleeping          |    23 |     5 ||    28
       Distracted        |     1 |       ||     1
       Confused          |     1 |       ||     1
  Eat: Ration            |     1 |       ||     1
Armor: Robe              |    20 |     1 ||    21
Dodge: Dodged            |   107 |    10 ||   117
